 Dungeon Crawl Stone Soup version 0.29.1-12-g30fa7ad0bf (webtiles) character file.

Game seed: 5960960229809120411

292 H0rd4k the Insei (level 6, 0/42 HPs)
             Began as an Octopode Artificer on Dec 19, 2022.
             Slain by an orc wizard
             ... wielding a +0 dagger
              (2 damage)
             ... on level 4 of the Dungeon.
             The game lasted 00:05:26 (4569 turns).

H0rd4k the Insei (Octopode Artificer)               Turns: 4569, Time: 00:05:26

Health: 0/42       AC:  1    Str: 12    XL:     6   Next: 33%
Magic:  8/8        EV: 13    Int: 15    God:
Gold:   165        SH:  0    Dex: 12    Spells: 10/10 levels left

rFire   . . .      SeeInvis .     - Unarmed
rCold   . . .      Faith    .   (no shield)
rNeg    . . .      Spirit   .   (helmet restricted)
rPois   .          Reflect  .   (no amulet)
rElec   +          Harm     .   (no ring)
rCorr   .          Rampage  .   (no ring)
Will    .....                   (no ring)
Stlth   +++.......              (no ring)
HPRegen 0.14/turn               (no ring)
MPRegen 0.11/turn               (no ring)
                                (no ring)
                                (no ring)

@: no status effects
A: almost no armour, amphibious, 8 rings, camouflage 1, gelatinous body 1,
(nimble swimmer 1), tentacles, low MP 1, electricity resistance
a: no special abilities


You were on level 4 of the Dungeon.
You visited 1 branch of the dungeon, and saw 4 of its levels.

You collected 165 gold pieces.

Inventory:

Hand Weapons
 e - a +2 short sword of venom
Wands
 b - a wand of flame (8) (quivered)
 c - a wand of charming (4)
Scrolls
 a - a scroll of enchant weapon {unknown}
 d - a scroll of noise {unknown}
 g - a scroll of brand weapon {unknown}
 i - a scroll of immolation {unknown}
 j - 4 scrolls of fear {unknown}
 k - a scroll of poison {unknown}
 m - 3 scrolls of teleportation
 q - a scroll of enchant armour {unknown}
Potions
 f - 2 potions of haste


   Skills:
 * Level 3.1 Fighting
 - Level 2.3 Dodging
 - Level 1.3 Stealth
 + Level 4.0 Unarmed Combat
 * Level 2.5 Spellcasting
 - Level 3.2 Evocations


You had 10 spell levels left.
You didn't know any spells.
Your spell library contained the following spells:

 Spells                   Type           Power      Damage    Failure   Level
 Magic Dart               Conj           4%         1d3       22%         1
 Call Imp                 Summ           1%         N/A       32%         2
 Mephitic Cloud           Conj/Pois/Air  1%         N/A       54%         3


Dungeon Overview and Level Annotations

Branches:
Dungeon (4/15)
 Temple: D:4-7

Altars:

Shops:
D:1 (((==   D:3 (


Innate Abilities, Weirdness & Mutations

You cannot wear most types of armour.
You are amphibious.
You can wear up to eight rings at the same time.
Your skin changes colour to match your surroundings (Stealth+).
Your rubbery body absorbs attacks. (AC +1, EV +1)
((You are camouflaged when in or above water. (Stealth+)))
You have tentacles for arms and can constrict up to eight enemies at once.
Your magical capacity is low. (-10% MP)
You are resistant to electric shocks. (rElec)


Message History

[Y]es or [N]o only, please.
Are you sure you want to stumble around while confused and next to your orc priest? [Y]es or [N]o only, please.
Are you sure you want to stumble around while confused and next to your orc priest? [Y]es or [N]o only, please.
Are you sure you want to stumble around while confused and next to your orc priest?
Okay, then.
The orc priest hits your orc priest with a +0 hand axe.
Something hits you.
Your orc priest completely misses the orc priest.
Your orc priest closely misses something.
The orc priest mumbles some strange prayers to Beogh against your orc priest.
Your orc priest is smitten.
Your orc priest dies!
Something hits you.
You are too confused!
You bump into the rock wall.
Something hits you.
The orc priest hits you with a +0 hand axe.
* * * LOW HITPOINT WARNING * * *
You feel less confused.
Aiming: Charm
Press: ? - help, Shift-Dir - straight line, f/p - orc priest
Aim: an orc priest, wielding a +0 hand axe (severely wounded, chance to affect: 57%)
The orc priest is charmed.
Something hits you.
* * * LOW HITPOINT WARNING * * *
Unknown command.
Aiming: Charm
Press: ? - help, Shift-Dir - straight line, p - orc priest Nothing appears to happen.
Something hits you.
* * * LOW HITPOINT WARNING * * *
Unknown command.
Aiming: Charm
Press: ? - help, Shift-Dir - straight line Nothing appears to happen.
Something hits you.
* * * LOW HITPOINT WARNING * * *
Unknown command.
Aiming: Charm
Press: ? - help, Shift-Dir - straight line Nothing appears to happen.
Something hits you.
You die...

..........o.{#....######
...#..##.....##'##.....#
...#####.........#.....#
...# #..........#.....#
...# #########..#.....#
...# #......##).##....#
...# #......#.)..#....#
..## #......#..o.#....#
### #......#..@.#....#
#......'....#....#
#......#....#....#
#......#....#....#
#......######....#
#######..........#
#..........#
#..........#
#..........#


You could see a friendly orc priest (charmed).

Vanquished Creatures
  A necrophage (D:4)
  A scorpion (D:4)
  A jelly (D:3)
  An iguana (D:4)
  A gnoll (D:4)
  3 adders
  2 dart slugs (D:3)
  6 orcs
  4 ball pythons
  7 bats
  13 endoplasms
  A giant cockroach (D:1)
  7 goblins
  3 hobgoblins
  2 jackals (D:1)
  5 kobolds
  2 quokkas
  4 frilled lizards
  7 rats
71 creatures vanquished.

Vanquished Creatures (others)
  An orc priest (D:4)
  An adder (D:4)
2 creatures vanquished.

Grand Total: 73 creatures vanquished

Notes
Turn   | Place    | Note
-------+----------+-------------------------------------------
     0 | D:1      | H0rd4k the Octopode Artificer began the quest for the Orb.
     0 | D:1      | Reached XP level 1. HP: 13/13 MP: 1/1
     8 | D:1      | Found Mutuju's Jewellery Shoppe.
   211 | D:1      | Found Roul's Antique Weapon Shop.
   241 | D:1      | Reached XP level 2. HP: 16/18 MP: 3/3
   304 | D:1      | Reached skill level 1 in Spellcasting
   428 | D:1      | Found Haics's Weapon Boutique.
   771 | D:1      | Reached XP level 3. HP: 24/24 MP: 5/5
   931 | D:1      | Found Jelifea's Jewellery Emporium.
  1073 | D:1      | Reached skill level 1 in Unarmed Combat
  1353 | D:1      | Found Udiox's Antique Weapon Shoppe.
  2661 | D:3      | Reached skill level 2 in Unarmed Combat
  2661 | D:3      | Reached XP level 4. HP: 29/29 MP: 6/6
  2703 | D:3      | Found Jegruyp's Antique Weapon Shoppe.
  2750 | D:3      | Found a faded altar of an unknown god.
  3359 | D:4      | Reached XP level 5. HP: 10/35 MP: 8/8
  3372 | D:4      | Reached skill level 3 in Unarmed Combat
  3826 | D:4      | Reached XP level 6. HP: 5/41 MP: 9/9
  3826 | D:4      | Gained mutation: Your magical capacity is low. (-10% MP)
                  | [potion of mutation]
  3826 | D:4      | Gained mutation: You are resistant to electric shocks.
                  | (rElec) [potion of mutation]
  4404 | D:4      | Reached skill level 4 in Unarmed Combat
  4568 | D:4      | HP: 2/42 [something (3)]
  4569 | D:4      | Slain by an orc wizard

Illustrated notes

Levels and vault maps discovered:
D:1:      scummos_arrival_checkerplants, layout_loops_corners, serial_shops,
          nicolae_shop_waterfront, nicolae_shop_trees,
          nicolae_shop_bloodbath_and_beyond, shop_statue,
          nicolae_shop_behind_doors
D:2:      layout_basic, palyth_stone_intersect
D:3:      layout_basic, serial_shops, shop,
          hellmonk_ecumenical_altar_slurped_away
D:4:      layout_gridville, yredelemnul_forgotten_temple_becter

Skill      XL: |  1  2  3  4  5  6 |
---------------+-------------------+-----
Spellcasting   | 1 2 |  2.5
Unarmed Combat | 2 3 4 |  4.0
Fighting       | 2 3 |  3.1
Dodging        | |  2.3
Stealth        | |  1.3
Evocations     | |  3.2

Action                   |  1- 3 |  4- 6 || total
-------------------------+-------+-------++-------
Melee: Unarmed           |   125 |    73 ||   198
       Tentacles         |    25 |    21 ||    46
       Constrict         |    26 |    14 ||    40
       Punch             |     3 |     3 ||     6
Evoke: Wand              |     2 |    21 ||    23
  Use: Scroll            |       |     1 ||     1
       Potion            |       |     9 ||     9
 Stab: Sleeping          |    14 |     5 ||    19
Armor: Skin              |     6 |     7 ||    13
Dodge: Dodged            |    72 |    38 ||   110
